 Dungeon Crawl Stone Soup version 0.28-a0-819-g6ef7baa362 (webtiles) character file.

Game seed: 11314260752140012857

2841 flotson the Skirmisher (level 9, -8/74 HPs)
             Began as a Pale Draconian Necromancer on Nov 8, 2021.
             Was an Initiate of Gozag.
             Mangled by an unseen horror (9 damage)
             ... on level 7 of the Dungeon.
             The game lasted 00:18:20 (11567 turns).

flotson the Skirmisher (DrNe)                      Turns: 11567, Time: 00:18:22

Health: -8/74      AC:  9    Str: 14    XL:     9   Next: 46%
Magic:  0/12       EV: 11    Int: 22    God:    Gozag
Gold:   778        SH:  9    Dex: 11    Spells: 4/13 levels left

rFire   . . .      SeeInvis .   a - +2 club (spect)
rCold   . . .      Faith    .   r - +1 kite shield
rNeg    . . .      Spirit   +   (armour unavailable)
rPois   .          Reflect  .   (helmet restricted)
rElec   .          Harm     .   (no cloak)
rCorr   .          Rampage  .   q - +0 pair of gloves
Will    .....                   B - +0 pair of boots
Stlth   ++........              w - amulet of guardian spirit
HPRegen 0.22/turn               p - +6 ring of intelligence
MPRegen 0.13/turn               (no ring)

@: no status effects
A: breathe steam, AC +7, unfitting armour, cold-blooded, steam resistance
a: Breathe Steam, Renounce Religion, Potion Petition, Call Merchant, Bribe
Branch


You were on level 7 of the Dungeon.
You worshipped Gozag.
Gozag was pleased with you.
You visited 2 branches of the dungeon, and saw 8 of its levels.

You collected 955 gold pieces.
You spent 108 gold pieces at shops.
You paid 69 gold pieces to Gozag.

Inventory:

Hand Weapons
 a - a +2 spectral club (weapon)
 b - a +0 hunting sling
Missiles
 g - 42 poisoned darts (quivered)
 i - 37 sling bullets
 j - 189 stones
 l - 3 throwing nets
 v - 6 datura-tipped darts
Armour
 q - a +0 pair of gloves (worn)
 r - a +1 kite shield (worn)
 B - a +0 pair of boots (worn)
Jewellery
 p - a +6 ring of intelligence (left hand)
 w - an amulet of guardian spirit (around neck)
Wands
 m - a wand of paralysis (8)
 n - a wand of acid (5)
Scrolls
 c - 4 scrolls of amnesia
 e - a scroll of blinking
 f - 3 scrolls of identify
 t - 4 scrolls of noise
 y - a scroll of silence {unknown}
 A - a scroll of vulnerability {unknown}
Potions
 h - a potion of attraction {unknown}
 o - a potion of might {unknown}
 s - a potion of curing
 x - 2 potions of mutation {unknown}
 z - a potion of berserk rage {unknown}


   Skills:
 + Level 5.4 Fighting
 + Level 4.6 Maces & Flails
 - Level 2.2(3.5) Slings
 + Level 4.1(4.4) Throwing
 + Level 5.0 Dodging
 - Level 2.4 Stealth
 + Level 4.5 Shields
 - Level 1.7 Unarmed Combat
 - Level 2.5 Spellcasting
 - Level 4.6 Necromancy
 + Level 5.1 Evocations


You had 4 spell levels left.
You knew the following spells:

 Your Spells              Type           Power      Damage    Failure   Level
a - Pain                  Necr           92%        1d8       8%          1
b - Animate Skeleton      Necr           46%        N/A       8%          1
c - Vampiric Draining     Necr           23%        2d7       22%         3
d - Animate Dead          Necr           11%        N/A       58%         4

Your spell library contained the following spells:

 Spells                   Type           Power      Damage    Failure   Level
 Magic Dart               Conj           8%         1d3       45%         1
 Call Imp                 Summ           2%         N/A       58%         2
 Scorch                   Fire           4%         2d5       58%         2
 Gell's Gravitas          Tloc           2%         N/A       83%         3
 Lesser Beckoning         Tloc           2%         N/A       83%         3
 Mephitic Cloud           Conj/Pois/Air  2%         N/A       83%         3
 Teleport Other           Tloc           2%         N/A       83%         3
 Flame Wave               Conj/Fire      2%         3d3       99%         4
 Agony                    Necr           23%        N/A       90%         5
 Blade Hands              Tmut           1%         N/A       100%        5
 Dispersal                Tloc           1%         N/A       100%        6
 Iron Shot                Conj/Erth      1%         9d1       100%        6
 Summon Cactus Giant      Summ           1%         N/A       100%        6
 Animate Armour           Summ/Erth      Unusable   N/A       N/A         4

Dungeon Overview and Level Annotations

Branches:
Dungeon (7/15)             Temple (1/1) D:4

Altars:
Ashenzari
Cheibriados
Dithmenos
Elyvilon
Fedhas
Gozag
Hepliaklqana
Kikubaaqudgha
Makhleb
Nemelex Xobeh
Okawaru
Qazlal
Ru
Sif Muna
Trog
Uskayaw
Vehumet
Wu Jian
Xom
Yredelemnul
Zin
The Shining One

Shops:
D:4 [


Innate Abilities, Weirdness & Mutations

You can breathe blasts of scalding, opaque steam.
Your pale cyan-grey scales are hard. (AC +7)
You cannot fit into any form of body armour.
You are cold-blooded and may be slowed by cold attacks.
You are immune to the effects of steam.


Message History

It is a scroll of identify.
c - 4 scrolls of amnesia Something hits you.
* * * LOW HITPOINT WARNING * * *
Blink to where?
Press: ? - help, Dir - move target
As you read the scroll labelled NOGATE ISHRIE, it crumbles to dust.
It was a scroll of blinking.
Unknown command.
As you read the scroll labelled CYGUGA VEMI, it crumbles to dust.
The creatures around you are filled with an inner flame!
It was a scroll of immolation.
Something hits you.
* * * LOW HITPOINT WARNING * * *
As you read the scroll labelled FEVOAM SIUMORGH, it crumbles to dust.
It is a scroll of enchant armour.
Your +0 kite shield glows green for a moment.
As you read the scroll labelled DOGOHI OMIMAY, it crumbles to dust.
You feel strangely unstable.
It was a scroll of teleportation.
Something hits you.
* * * LOW HITPOINT WARNING * * *
Something hits you but does no damage. You block something's attack.
Your surroundings suddenly seem different.
You block something's attack. Something hits you.
* * * LOW HITPOINT WARNING * * *
Something hits you!
* * * LOW HITPOINT WARNING * * *
You block something's attack. Something hits you.
* * * LOW HITPOINT WARNING * * *
Something hits you.
* * * LOW HITPOINT WARNING * * *
You closely miss something.
Flame seeps out of something.
You tail-slap something.
Flame seeps out of something.
You block something's attack.
Flame seeps out of something.
Something hits you.
* * * LOW HITPOINT WARNING * * *
Flame seeps out of something.
Something hits you!
You die...
Your body crumbles into a pile of gold.

#......## ##..#...### #
######## ##.......#####
########..######....
##.........# ###..
#..#####..## #.. ### ##.##
#### #.. ..##### #..##
###### ##.. ......##
##..######....####....
##...[.##
#...@○..............#
#####..##
########......#.....# ###.##
##...........# ####
#..###### #...........#
#..##
##......######.....#####..
....# ##........#......##
....# ###................##
....###...............#...##
...##...###..........####..#


There were no monsters in sight!

Vanquished Creatures
  Pikel (D:5)
  Prince Ribbit (D:5)
  Eustachio (D:6)
  A human (D:5)
  4 yaks
  A water moccasin (D:6)
  An ogre (D:5)
  A centaur (D:7)
  2 lemures (D:5)
  A bullfrog (D:7)
  2 scorpions (D:6)
  A water moccasin skeleton (D:5)
  A bullfrog zombie (D:6)
  A centaur zombie (D:6)
  2 jellies (D:6)
  5 orc priests
  2 hounds
  A centaur skeleton (D:5)
  A bullfrog skeleton (D:4)
  A gnoll shaman (D:7)
  A scorpion zombie (D:5)
  5 iguanas
  3 orc wizards
  3 hound skeletons
  A howler monkey zombie (D:6)
  Robin (D:3)
  3 gnolls
  3 adders
  3 worms
  2 dart slugs (D:1)
  20 orcs
  6 endoplasms
  10 giant cockroaches
  9 goblins
  10 hobgoblins
  5 kobolds
  6 quokkas
  6 ball pythons
  3 bats (D:1)
  A frilled lizard (D:1)
  A jackal skeleton (D:5)
  6 rats
139 creatures vanquished.

Notes
Turn   | Place    | Note
-------+----------+-------------------------------------------
     0 | D:1      | flotson the Draconian Necromancer began the quest for the
                  | Orb.
     0 | D:1      | Reached XP level 1. HP: 14/14 MP: 3/3
   748 | D:1      | Reached XP level 2. HP: 18/20 MP: 1/5
   750 | D:1      | Learned a level 1 spell: Animate Skeleton
  2056 | D:1      | Reached XP level 3. HP: 7/26 MP: 1/6
  2339 | D:1      | Reached skill level 1 in Unarmed Combat
  3629 | D:2      | Found a faded altar of an unknown god.
  3794 | D:3      | Learned a level 3 spell: Vampiric Draining
  4078 | D:3      | Reached XP level 4. HP: 11/34 MP: 7/7
  4381 | D:3      | Found a blossoming altar of Fedhas.
  4600 | D:3      | Reached skill level 1 in Slings
  5017 | D:3      | Noticed Robin
  5215 | D:3      | Killed Robin
  5216 | D:3      | Reached skill level 1 in Fighting
  5578 | D:4      | Found a staircase to the Ecumenical Temple.
  5591 | Temple   | Entered the Ecumenical Temple
  5751 | Temple   | Became a worshipper of Gozag Ym Sagoz the Greedy
  5766 | D:4      | Reached XP level 5. HP: 40/40 MP: 8/8
  6223 | D:4      | Reached XP level 6. HP: 40/48 MP: 9/9
  6257 | D:4      | Reached skill level 1 in Maces & Flails
  6559 | D:4      | Found Keuch's Armour Boutique.
  6567 | D:4      | Bought a +0 pair of gloves for 54 gold pieces
  6567 | D:4      | Bought a +0 kite shield for 54 gold pieces
  6775 | D:5      | Entered Level 5 of the Dungeon
  6775 | D:5      | Noticed a human
  6776 | D:5      | Found a runed translucent door.
  6780 | D:5      | Found a basalt altar of Yredelemnul.
  6788 | D:5      | Reached skill level 1 in Evocations
  6823 | D:5      | Killed a human
  6824 | D:5      | Reached skill level 1 in Throwing
  6962 | D:5      | Reached skill level 1 in Shields
  6962 | D:5      | Your scales start taking on a pale cyan-grey colour.
  6962 | D:5      | Reached XP level 7. HP: 30/56 MP: 10/10
  6962 | D:5      | Gained mutation: You are immune to the effects of steam.
                  | [Pale Draconian growth]
  7433 | D:5      | Noticed Pikel
  7695 | D:5      | Killed Pikel
  7696 | D:5      | Reached XP level 8. HP: 43/66 MP: 11/11
  7841 | D:5      | Noticed Prince Ribbit
  7858 | D:5      | Killed Prince Ribbit
  8620 | D:5      | Learned a level 4 spell: Animate Dead
  8701 | D:6      | Noticed Eustachio
  8719 | D:6      | Killed Eustachio
  9177 | D:6      | Reached XP level 9. HP: 64/72 MP: 12/12
  9551 | D:6      | HP: 1/73 [yak (10)]
 10206 | D:6      | Reached skill level 5 in Fighting
 10641 | D:7      | Reached skill level 5 in Evocations
 11324 | D:7      | Reached skill level 5 in Dodging
 11564 | D:7      | HP: 3/74 [something (3)]
 11567 | D:7      | HP: 1/74 [something (1)]
 11567 | D:7      | Mangled by an unseen horror

Illustrated notes

Levels and vault maps discovered:
D:1:      onia_arrival_handbag, layout_basic, serial_forest,
          infiniplex_forest_clump_tiny, infiniplex_forest_straight_2,
          infiniplex_forest_clump_small, infiniplex_forest_end_1,
          infiniplex_forest_clump_small, infiniplex_forest_end_3
D:2:      layout_rooms, hellmonk_ecumenical_altar_inner_sanctum,
          minmay_worlds_worst_comb
D:3:      layout_basic, general_overflow_altar, uniq_robin
D:4:      layout_gridville, minmay_temple_entry_grid, serial_shops,
          nicolae_shop_trees, chequers_serial_rivers_small_3
D:5:      layout_loops_ring, dk_yredelemnul_ordeal, chequers_decorated_corner,
          uniq_prince_ribbit1, uniq_pikel
D:6:      layout_basic, uniq_eustachio
D:7:      layout_layer_cave
Temple:   regret_index_temple_chain_breaker

Skill      XL: |  1  2  3  4  5  6  7  8  9 |
---------------+----------------------------+-----
Stealth        | 2 |  2.4
Dodging        | 2 3 4 5 |  5.0
Unarmed Combat | 1 |  1.7
Slings         | 1 2 |  2.2
Fighting       | 1 2 3 4 5 |  5.4
Maces & Flails | 1 3 4 |  4.6
Evocations     | 1 3 4 5 |  5.1
Throwing       | 1 2 3 4 |  4.1
Shields        | 1 2 3 4 |  4.5
Spellcasting   | |  2.5
Necromancy     | |  4.6

Action                   |  1- 3 |  4- 6 |  7- 9 || total
-------------------------+-------+-------+-------++-------
Melee: Unarmed           |   238 |    24 |       ||   262
       Tailslap          |    21 |    13 |    26 ||    60
       Club              |       |    87 |   227 ||   314
       Punch             |       |     1 |       ||     1
 Fire: Hunting sling     |    29 |    77 |    29 ||   135
Throw: Dart              |       |     3 |    43 ||    46
 Cast: Pain              |    20 |       |       ||    20
 Abil: Breathe Steam     |       |       |     7 ||     7
Evoke: Wand              |       |       |     2 ||     2
  Use: Potion            |       |     1 |     1 ||     2
       Scroll            |       |       |     6 ||     6
 Stab: Sleeping          |     9 |     2 |     2 ||    13
       Distracted        |       |       |     2 ||     2
Armor: Skin              |    83 |    35 |   103 ||   221
Dodge: Dodged            |   169 |    80 |   108 ||   357
Block: Kite shield       |       |    12 |   113 ||   125

Table legend: (Time is in decaauts)
 A = Elapsed time spent in this place.
 B = Non-inter-level travel time spent in this place.
 C = Inter-level travel time spent in this place.
 D = Time resting spent in this place.
 E = Time spent auto-exploring this place.
 F = Levels seen in this place.
 G = Mean time per level.
                   A        B        C        D        E       F      G
               +--------+--------+--------+--------+--------+-----+--------+
         Total |  11700 |  11416 |    284 |    586 |   9014 |   8 | 1462.5 |
       Dungeon |  11529 |  11255 |    274 |    586 |   8873 |   7 | 1647.0 |
        Temple |    170 |    160 |     10 |      0 |    141 |   1 |  170.0 |
               +--------+--------+--------+--------+--------+-----+--------+

Top non-repeatable levels by time:
     D:1: 2983 daAuts
     D:5: 2198 daAuts
     D:3: 1726 daAuts
     D:6: 1475 daAuts
     D:7: 1218 daAuts
     D:4: 1051 daAuts
     D:2: 875 daAuts
  Temple: 170 daAuts
